[Event "Early-Titled-Tuesday-Blitz-May-28-2024"]
[Site "Chess.com"]
[Date "2024.05.28"]
[Round "11"]
[White "Shivananda1964"]
[Black "aljado"]
[Result "0-1"]
[WhiteElo "2380"]
[BlackElo "2190"]
[TimeControl "180+1"]
[EndTime "10:09:09 PDT"]
[Termination "aljado won by resignation"]

1. d4 d5 2. Nf3 c6 3. g3 Nf6 4. Bg2 Bf5 5. O-O e6 6. c4 Be7 7. b3 Nbd7 8. Nbd2 O-O 9. Bb2 a6 10. Nh4 Bg6 11. Nxg6 hxg6 12. e4 b5 13. Qe2 bxc4 14.
bxc4 Rb8 15. Rab1 Qa5 16. exd5 cxd5 17. cxd5 Nxd5 18. Nc4 Qd8 19. h4 N7f6 20. Ne5 Qa5 21. Ba1 Qa4 22. Rxb8 Rxb8 23. Nxg6 Bd6 24. h5 Rc8 25. h6 Rc2 26. Qe1 Rxa2 27. hxg7 Kxg7 28. Ne5 Qc2 29. g4 Bb4 30. Qb1 a5 31. g5 Nh5 32.
Be4 Qxb1 33. Rxb1 Re2 34. Bf3 Rxe5 35. Bxh5 Rxg5+ 36. Kf1 Rxh5 37. Bb2 Rh1+ 0-1

[Event "Early-Titled-Tuesday-Blitz-May-28-2024"]
[Site "Chess.com"]
[Date "2024.05.28"]
[Round "11"]
[White "agvega14"]
[Black "InitiatingASC"]
[Result "0-1"]
[WhiteElo "2251"]
[BlackElo "2410"]
[TimeControl "180+1"]
[EndTime "10:09:10 PDT"]
[Termination "InitiatingASC won on time"]

1. e4 e5 2. Nf3 Nf6 3. Nxe5 d6 4. Nf3 Nxe4 5. Nc3 Nxc3 6. dxc3 Be7 7. Be3 Be6 8. Qd2 Nd7 9. O-O-O Ne5 10. Be2 Nc4 11. Bxc4 Bxc4 12. Qd4 Be2 13. Rde1 Bxf3 14. Qxg7 Rf8 15.
gxf3 Kd7 16. Bf4 h5 17. Qh7 h4 18. Qf5+ Kc6 19. c4 a6 20. Qd5+ Kd7 21. Qf5+ Kc6 22. b4 Kb6 23. Be3+ c5 24. bxc5+ dxc5 25. Rd1 Qc8 26.
Qe5 Qe6 27. Qb2+ Ka7 28. Rd5 Rac8 29. Rhd1 Rc7 30. Qa3 Rfc8 31. R1d3 Qf6 32. Rb3 Qa1+ 33. Rb1 Qg7 34. Qb3 Qg1+ 35. Kd2 Qxh2 36. Qb6+ Ka8 37.
Qh6 Qh3 38. Qh5 Qe6 39. Rb3 Bf6 40. Rbd3 Rh8 41. Qg4 Qxg4 42. fxg4 h3 43. Bf4 h2 44. Bxh2 Rxh2 45. Rf3 Bd4 46. c3 Bxf2 47. Rd8+ Ka7 48. Kd3 Bg1 49. Rf8 Rg2 0-1

[Event "Early-Titled-Tuesday-Blitz-May-28-2024"]
[Site "Chess.com"]
[Date "2024.05.28"]
[Round "11"]
[White "KorolDimitriy75"]
[Black "Nf3c5"]
[Result "1-0"]
[WhiteElo "2401"]
[BlackElo "2555"]
[TimeControl "180+1"]
[EndTime "10:09:11 PDT"]
[Termination "KorolDimitriy75 won on time"]

1. d4 Nf6 2. c4 g6 3. Nc3 Bg7 4. e4 d6 5. Nf3 O-O 6. Be2 Na6 7. O-O e5 8. Re1 Bg4 9. Be3 Bxf3 10. Bxf3 exd4 11.
Bxd4 Nd7 12. Bxg7 Kxg7 13. e5 Nxe5 14. Bxb7 Nc5 15. Bxa8 Qxa8 16. Qd2 Kg8 17. Nd5 Qb7 18. b3 f5 19. f4 Ng4 20. Re7 Ne4 21. Qd4 Ngf6 22.
Rxc7 Qb8 23. Qxa7 Qe8 24. Re1 Qd8 25. h3 Kh8 26. Re7 Kg8 27. Qc7 Qa8 28. Qa7 Qd8 29. Kh2 Qc8 30. Qc7 Qd8 31. Qxd8 Rxd8 32. Nxf6+ Nxf6 33. Rc7 Ne4 34. Rd1 1-0

[Event "Early-Titled-Tuesday-Blitz-May-28-2024"]
[Site "Chess.com"]
[Date "2024.05.28"]
[Round "11"]
[White "CristianS27"]
[Black "Tagir45"]
[Result "0-1"]
[WhiteElo "2539"]
[BlackElo "2640"]
[TimeControl "180+1"]
[EndTime "10:09:12 PDT"]
[Termination "Tagir45 won on time"]

1. e4 c5 2. Nf3 d6 3. d4 cxd4 4. Nxd4 Nf6 5. Nc3 a6 6. Be3 e5 7. Nf3 Be7 8. Bc4 O-O 9. O-O Qc7 10. Bb3 Be6 11. Qe2 b5 12. a3 Rc8 13. Rfd1 Nbd7 14.
Bg5 Nb6 15. Bxf6 Bxf6 16. Rac1 Nc4 17. Bxc4 Bxc4 18. Qe3 Be7 19. Nd5 Bxd5 20. Rxd5 Qc4 21. c3 a5 22. Nd2 Qc6 23. Rd1 b4 24. c4 Bd8 25. Qd3 Qa4 26. b3 Qxa3 27. Rxd6 Be7 28. Rd7 Rd8 29. Qd5 Rxd7 30. Qxd7 Bf8 31. Nf3 Qxb3 32. Nxe5 Ra7 33. Qd8 a4 34. Nc6 Ra8 35. Qd5 a3 36. Ne7+ Kh8 37. Rf1 Qa4 38. Nf5 a2 39. Qxf7 a1=Q 0-1

[Event "Early-Titled-Tuesday-Blitz-May-28-2024"]
[Site "Chess.com"]
[Date "2024.05.28"]
[Round "11"]
[White "Karttunen"]
[Black "bubeliang"]
[Result "0-1"]
[WhiteElo "2646"]
[BlackElo "2801"]
[TimeControl "180+1"]
[EndTime "10:09:13 PDT"]
[Termination "bubeliang won by resignation"]

1. d4 d5 2. c4 e6 3. Nc3 Nf6 4. Nf3 dxc4 5. e3 Be7 6. Bxc4 a6 7. a4 b6 8. e4 Bb7 9. Qe2 Bb4 10. Bd3 Nc6 11. Be3 Ne7 12. e5 Nfd5 13. Bd2 Ng6 14.
g3 Nxc3 15. bxc3 Bxc3 16. Bxc3 Qd5 17. O-O Qxf3 18. Qxf3 Bxf3 19. Rfc1 Kd7 20. Bd2 Ne7 21.
Ra3 Bb7 22. Bg5 Nd5 23. Be4 a5 24. Rf3 Raf8 25. h4 f5 26. exf6 gxf6 27. Bh6 Rf7 28. Rb3 Rb8 29. Bd3 Bc6 30. Ra3 Nb4 31. Bb1 Bd5 32.
Rac3 c6 33. Kf1 Ra8 34. Ke1 Kc7 35. Bf4+ Kb7 36. Kf1 Rd7 37. Bd2 Na6 38. Re3 c5 39.
Bc3 c4 40. Kg1 Nc7 41. Rce1 Bc6 42. Bc2 Nd5 43. Rf3 Nb4 44. Bxb4 axb4 45. Rxf6 b3 46. Bb1 c3 47. Rexe6 c2 48. Bxc2 bxc2 49. Rxc6 Rc8 50.
Rxb6+ Ka7 51. Ra6+ Kb8 52. Rab6+ Rb7 53. Rxb7+ Kxb7 0-1

[Event "Early-Titled-Tuesday-Blitz-May-28-2024"]
[Site "Chess.com"]
[Date "2024.05.28"]
[Round "11"]
[White "Iball95"]
[Black "Pomegranate988"]
[Result "1/2-1/2"]
[WhiteElo "2849"]
[BlackElo "2684"]
[TimeControl "180+1"]
[EndTime "10:09:14 PDT"]
[Termination "Game drawn by repetition"]

1. e4 c6 2. d4 g6 3. Nf3 d5 4. Nc3 Bg7 5. Bd3 Nh6 6. O-O O-O 7. Re1 f6 8. e5 Nf7 9. exf6 exf6 10. h3 b6 11. Bf4 Na6 12. Ne2 Nb4 13. Ng3 Nxd3 14. Qxd3 Nd6 15. b3 a5 16. a4 Ba6 17. Qc3 Qd7 18.
Rad1 Rfe8 19. h4 Ne4 20. Nxe4 dxe4 21. Nd2 f5 22. Nc4 Bxc4 23. Qxc4+ Qd5 24. Qe2 Rad8 25. c4 Qe6 26. Qe3 Rd7 27. d5 cxd5 28. cxd5 Rxd5 29. Rxd5 Qxd5 30. Qxb6 Rc8 31. Be3 Be5 32. g3 Rc6 33.
Qb5 Qxb5 34. axb5 Rc3 35. Rb1 f4 36. gxf4 Bb8 37. b6 Kf7 38. Ra1 Rxb3 39. Rxa5 Ke6 40. Ra8 Bd6 41. Kg2 Kf5 42. Rd8 Ke6 43. Rc8 h5 44. Rc6 Kd5 45. Rc8 Ke6 46. Rd8 Ke7 47. Rg8 Kf7 48. Rc8 Ke6 1/2-1/2

[Event "Early-Titled-Tuesday-Blitz-May-28-2024"]
[Site "Chess.com"]
[Date "2024.05.28"]
[Round "11"]
[White "GM_Huschenbeth"]
[Black "ilqar_74"]
[Result "0-1"]
[WhiteElo "2511"]
[BlackElo "2762"]
[TimeControl "180+1"]
[EndTime "10:09:14 PDT"]
[Termination "ilqar_74 won on time"]

1. e4 c5 2. Nf3 d6 3. d4 cxd4 4. Nxd4 Nf6 5. Nc3 e5 6. Bb5+ Bd7 7. Bxd7+ Qxd7 8. Nf5 Nxe4 9. Nxg7+ Bxg7 10. Nxe4 d5 11. Nc3 d4 12. Ne4 O-O 13. g4 Nc6 14. g5 Rac8 15.
Bd2 Qf5 16. Ng3 Qe6 17. Qf3 d3 18. c3 f5 19. gxf6 Rxf6 20. Qxd3 e4 21. Qb5 Ne5 22.
O-O-O Nd3+ 23. Kb1 Nxf2 24. Bg5 Rf7 25. Nh5 Nxh1 26.
Nxg7 Rxg7 27. Rxh1 Rf8 28. Be3 Qf5 29. Qc4+ Qf7 30.
Qxe4 Re8 31. Qd4 Qf5+ 32. Ka1 Qf3 33. Re1 Qxe3 34. Qd5+ Kh8 35. Rb1 Qe6 36. Qd4 Qg6 37. a3 b6 0-1

[Event "Early-Titled-Tuesday-Blitz-May-28-2024"]
[Site "Chess.com"]
[Date "2024.05.28"]
[Round "11"]
[White "FLYD"]
[Black "Qvalda"]
[Result "0-1"]
[WhiteElo "2090"]
[BlackElo "2407"]
[TimeControl "180+1"]
[EndTime "10:09:14 PDT"]
[Termination "Qvalda won by checkmate"]

1. e4 d5 2. exd5 Qxd5 3. Nc3 Qd8 4. d4 Nf6 5. Nf3 g6 6. Bc4 Bg7 7. O-O O-O 8. Bf4 Bg4 9. Bb3 Nc6 10. d5 Bxf3 11.
Qxf3 Nd4 12. Qd3 c5 13. dxc6 Nxc6 14. Rad1 Qa5 15. Qf3 e6 16. Rfe1 a6 17. h4 h5 18.
Bg5 Ng4 19. Qe2 Nd4 20. Qe4 Nxb3 21. axb3 Qc7 22. g3 Rac8 23. Re2 Qc6 24. Qd3 Ne5 25.
Qe4 Nf3+ 26. Kg2 Nxg5 27. hxg5 Bxc3 28. bxc3 Qxe4+ 29. Rxe4 Rxc3 30. Rd7 Rxc2 31. Rxb7 Rfc8 32. Ra7 R8c6 33. Rf4 Rc7 34. Rxa6 R2c5 35. Rd4 Rxg5 36. Rd8+ Kg7 37. b4 Rb5 38. Rd4 Rcb7 39. Ra4 Kf6 40. Kf3 Ke5 41. Ke3 f5 42. f4+ Kf6 43. Rc4 Kf7 44.
Kd3 Rd7+ 45. Kc3 Rd1 46. Rc7+ Kf6 47. Rc6 Rc1+ 48. Kd3 Rxc6 49. Kd2 Rd6+ 50. Ke2 Rdb6 51. Kf2 Rxb4 52. Kg2 Rxa4 53. Kh3 Ra3 54. Kh2 Rb4 55. Kh3 Rc4 56. Kh2 Rd4 57. Kh3 Rdd3 58. Kh2 Rxg3 59. Kh1 Rgb3 60. Kg2 Rb2+ 61. Kg1 Ra1# 0-1

[Event "Early-Titled-Tuesday-Blitz-May-28-2024"]
[Site "Chess.com"]
[Date "2024.05.28"]
[Round "11"]
[White "jk13"]
[Black "scarabee43"]
[Result "0-1"]
[WhiteElo "2674"]
[BlackElo "2837"]
[TimeControl "180+1"]
[EndTime "10:09:15 PDT"]
[Termination "scarabee43 won by checkmate"]

1. e4 c5 2. c3 d5 3. exd5 Qxd5 4. d4 Nf6 5. Nf3 e6 6. Na3 Nc6 7. Be3 cxd4 8. Nb5 Qd7 9. Nbxd4 Be7 10. Bb5 Qc7 11. Qa4 Bd7 12. O-O-O O-O 13. Rhe1 Nd5 14.
Kb1 a6 15. Nxc6 bxc6 16. Bd3 Rab8 17. Ka1 c5 18. Qe4 Nf6 19. Qh4 Bb5 20. Bf4 Qa5 21.
Bxb8 Rxb8 22. Bb1 Ba4 23. Rd2 Bc6 24. Ne5 Bd5 25. Red1 Qc7 26. f4 h6 27. Qf2 Bd6 28.
c4 Bxe5 29. fxe5 Ne4 30. Bxe4 Bxe4 31. Rd7 Qxe5 32. Qxf7+ Kh7 33. Qf2 Bf5 34. h3 a5 35.
a3 Rb3 36. Ka2 Re3 37. R1d2 Re1 38. g4 Bb1+ 39. Kb3 Be4 40. Ka2 Bb1+ 41. Kb3 Be4 42. Ra7 Qb8+ 43. Ka2 Bb1+ 44. Ka1 Rh1 45. Rdd7 Bc2+ 46.
Ka2 Qb3# 0-1

[Event "Early-Titled-Tuesday-Blitz-May-28-2024"]
[Site "Chess.com"]
[Date "2024.05.28"]
[Round "11"]
[White "Azeryahu"]
[Black "Aswathchess"]
[Result "0-1"]
[WhiteElo "2913"]
[BlackElo "2761"]
[TimeControl "180+1"]
[EndTime "10:09:17 PDT"]
[Termination "Aswathchess won by resignation"]

1. e4 c5 2. Nf3 d6 3. h3 Nf6 4. Nc3 Nc6 5. d4 cxd4 6. Nxd4 e6 7. Be3 Bd7 8. Qd2 a6 9. O-O-O Rc8 10. Kb1 b5 11. Nxc6 Bxc6 12. f3 Be7 13. Bd3 Qc7 14. g4 Nd7 15. f4 Nc5 16. a3 Qb7 17. Rhe1 a5 18. Bxc5 dxc5 19. Nd5 c4 20. Nxe7 Qxe7 21. Bf1 Qc7 22. e5 O-O 23. Qd6 Qb6 24. Qd4 Qb7 25.
f5 Bd5 26. f6 Rfd8 27. Qf4 Kh8 28. fxg7+ Kg8 29. Rd4 b4 30. axb4 Qxb4 31. Red1 Rb8 32. Qc1 Rdc8 33. c3 Qc5 34. R1d2 a4 35. Ka2 Rb3 36.
Be2 a3 37. Bd1 axb2 38. Rxb2 Ra8+ 39. Kb1 Qa3 40. Kc2 Rxc3+ 41. Kd2 Rxc1 42. Kxc1 Qc3+ 0-1

[Event "Early-Titled-Tuesday-Blitz-May-28-2024"]
[Site "Chess.com"]
[Date "2024.05.28"]
[Round "11"]
[White "BarloNadera"]
[Black "IMRosen"]
[Result "0-1"]
[WhiteElo "2114"]
[BlackElo "2710"]
[TimeControl "180+1"]
[EndTime "10:09:17 PDT"]
[Termination "IMRosen won on time"]

1. d4 d5 2. Nf3 Nf6 3. c4 e6 4.
Bg5 c6 5. Qc2 Nbd7 6. e3 Qa5+ 7.
Nfd2 Ne4 8. Bh4 g5 9. Bg3 h5 10.
f3 Nxg3 11. hxg3 Bd6 12. f4 Nf6 13. Nc3 Ng4 14. Qd3 b6 15. Be2 Nf6 16. a3 Ba6 17. Qc2 dxc4 18. Bxc4 b5 19. Be2 b4 20. Nb3 Qb6 21.
Bxa6 bxc3 22. Be2 cxb2 23. Qxb2 Rb8 24. Rb1 Ne4 25. Rxh5 Rxh5 26. Bxh5 Nxg3 27. Bf3 gxf4 28. e4 a5 29. Qc2 a4 30. Nd2 Qxd4 31. Qxc6+ Kf8 32.
Rxb8+ Bxb8 33. Kd1 Be5 34. Qb5 Qa1+ 35. Kc2 Qc3+ 36. Kd1 Kg7 37. Qb1 Qd4 0-1

[Event "Early-Titled-Tuesday-Blitz-May-28-2024"]
[Site "Chess.com"]
[Date "2024.05.28"]
[Round "11"]
[White "Fernando_Offermann"]
[Black "Louis-Paulsen-Fan"]
[Result "1/2-1/2"]
[WhiteElo "2478"]
[BlackElo "2331"]
[TimeControl "180+1"]
[EndTime "10:09:17 PDT"]
[Termination "Game drawn by repetition"]

1. e4 Nf6 2. d3 e5 3. Nf3 Nc6 4. Be2 d5 5. Nbd2 Bc5 6. O-O O-O 7. c3 a5 8. a4 Bg4 9. h3 Bh5 10. Re1 Qe7 11. Qb3 dxe4 12. Nxe4 Nxe4 13. dxe4 Bb6 14. Bg5 Qe8 15. Rad1 Kh8 16. Nd2 Bxe2 17. Rxe2 f6 18. Be3 Bxe3 19. Rxe3 b6 20. Nc4 Qe6 21. Qb5 Rad8 22.
Red3 Rxd3 23. Rxd3 h6 24. Ne3 Rd8 25. Rd5 Rd6 26. Qd3 Ne7 27. Rxd6 Qxd6 28. Qc4 c6 29. Kh2 Kh7 30. Kg3 Kh8 31. h4 Kh7 32. Kf3 Kh8 33. Ke2 Kh7 34. g3 Kh8 35. h5 Kh7 36. Qf7 b5 37. Qf8 bxa4 38. Qf7 a3 39. bxa3 Qxa3 40. Qf8 Qd6 41. Qa8 Qc5 42. c4 Qd6 43.
Kf3 c5 44. Qxa5 Nc6 45. Qa8 Nd4+ 46. Kg2 Qc6 47. Qxc6 Nxc6 48. Nd5 Na5 49. Nb6 Kg8 50. Kf3 Kf7 51. Ke3 Ke6 52. Kd3 Kd6 53. Nd5 Nc6 54.
Ne3 Ne7 55. Nf5+ Nxf5 56. exf5 Kc6 57. f3 Kb6 58. Ke4 Kc6 59. Kd3 Kd6 60. Kc3 Kc6 61. Kb3 Kb6 62. Ka4 Ka6 63. g4 Kb6 64. Kb3 Kc6 65. Ka4 Kb6 66. Kb3 Kc6 67. Ka4 Kb6 1/2-1/2

[Event "Early-Titled-Tuesday-Blitz-May-28-2024"]
[Site "Chess.com"]
[Date "2024.05.28"]
[Round "11"]
[White "dinushkipremanath"]
[Black "Viacheslav92"]
[Result "0-1"]
[WhiteElo "2334"]
[BlackElo "2524"]
[TimeControl "180+1"]
[EndTime "10:09:20 PDT"]
[Termination "Viacheslav92 won by resignation"]

1. d4 Nf6 2. Nf3 g6 3. Bf4 Bg7 4. Nbd2 O-O 5. e4 d5 6. e5 Nfd7 7. h4 h5 8. g4 hxg4 9. Ng5 c5 10. c3 cxd4 11. cxd4 Nc6 12. Be3 Qb6 13. h5 Qxb2 14.
Rb1 Qxa2 15. Ra1 Qb2 16. Rb1 Qa2 17. Ra1 Qb2 18. Rb1 Qc3 19. Rb3 Qa5 20. hxg6 fxg6 21. Qb1 Ndxe5 22. dxe5 Nxe5 23. Rb5 Qc3 24. Rc5 Qa3 25.
Rxd5 Bf5 26. Qxb7 Qa1+ 27. Ke2 Rab8 28. Qxa7 Qc3 29. Qa2 e6 30. Rc5 Qd3+ 31. Ke1 Qd7 32. Be2 Ra8 33. Qb2 Nf3+ 34. Ndxf3 Bxb2 35. Rh7 Ra1+ 36.
Bc1 Qxh7 37. Nxh7 gxf3 38. Bxf3 Rxc1+ 39. Rxc1 Bxc1 40. Ng5 Bxg5 41. Ke2 Bf6 0-1

[Event "Early-Titled-Tuesday-Blitz-May-28-2024"]
[Site "Chess.com"]
[Date "2024.05.28"]
[Round "11"]
[White "Nekoo04"]
[Black "Sofia_Blokhin"]
[Result "1-0"]
[WhiteElo "2418"]
[BlackElo "2253"]
[TimeControl "180+1"]
[EndTime "10:09:23 PDT"]
[Termination "Nekoo04 won on time"]

1. d4 f5 2. e4 fxe4 3. Nc3 Nf6 4. f3 exf3 5. Nxf3 e6 6. Bd3 Be7 7. O-O O-O 8. Bg5 Nc6 9. Qe2 Qe8 10.
Ne4 Qh5 11. Ng3 Qg4 12. c3 b6 13. Qe1 Bd6 14. Bxf6 Bxg3 15. hxg3 Rxf6 16. Qd2 Qxg3 17. Ng5 Rh6 18. Bxh7+ Rxh7 19. Nxh7 Kxh7 20. Rf3 Qg6 21. Raf1 Ba6 22. Rh3+ Kg8 23. Rff3 Rf8 24. Rxf8+ Kxf8 25. Rh8+ Ke7 26. Qf4 Qf6 27. Qxc7 e5 28. d5 Qf1+ 29.
Kh2 Qf4+ 30. Kh1 Qf1+ 31. Kh2 Qf4+ 32. Kh3 Qf5+ 33. Kh4 g5+ 34. Kh5 Qf7+ 35. Kg4 Qf3+ 36. Kxg5 1-0

[Event "Early-Titled-Tuesday-Blitz-May-28-2024"]
[Site "Chess.com"]
[Date "2024.05.28"]
[Round "11"]
[White "Alphafischer2019"]
[Black "RantomOpening"]
[Result "0-1"]
[WhiteElo "2660"]
[BlackElo "2574"]
[TimeControl "180+1"]
[EndTime "10:09:24 PDT"]
[Termination "RantomOpening won by checkmate"]

1. Nf3 d5 2. g3 e6 3. Bg2 Nf6 4. O-O Be7 5. d3 O-O 6. Nbd2 a5 7. e4 a4 8. Re1 a3 9. b3 Bb4 10. e5 Nfd7 11. Rb1 Bc3 12. h4 Nc6 13. h5 Nb4 14. h6 g6 15. Nf1 Nxa2 16. Bd2 d4 17. N1h2 b6 18. Ng4 Bb7 19. Ng5 Bxg2 20. Kxg2 c5 21. Ne4 Nb4 22. Nxc3 dxc3 23. Bxc3 a2 24. Ra1 Nd5 25. Bd2 Qc7 26. Qf3 Qc6 27. Kh2 Kh8 28. Bg5 Nb4 29. Qe2 Kg8 30. c3 Nd5 31.
Qf3 Kh8 32. Bf6+ N7xf6 33. Nxf6 Nb4 34. Re4 Nc2 35. Qd1 Nxa1 36. Qxa1 Qb5 37. c4 Qxb3 38. Re1 Qxd3 39. Ne4 Qd4 40. Nc3 Ra3 41. Nb5 Qxf2+ 42. Kh1 Rxg3 43. Re2 Qxe2 44. Qc3 Qg2# 0-1

[Event "Early-Titled-Tuesday-Blitz-May-28-2024"]
[Site "Chess.com"]
[Date "2024.05.28"]
[Round "11"]
[White "Shuvalov"]
[Black "MaxLeto"]
[Result "1-0"]
[WhiteElo "2555"]
[BlackElo "2385"]
[TimeControl "180+1"]
[EndTime "10:09:24 PDT"]
[Termination "Shuvalov won on time"]

1. d4 a6 2. e4 b6 3. c4 c6 4. Nc3 d6 5. Nf3 e6 6. Be2 f6 7. O-O g6 8. Be3 h6 9. Qc2 Ne7 10. Rad1 Bg7 11. Rfe1 O-O 12. Bf1 Qe8 13. h3 Bb7 14. g3 Nd7 15. Bg2 Rd8 16. Bc1 g5 17. d5 cxd5 18. exd5 e5 19. b4 f5 20. Qb3 Qg6 21.
Ba3 Rb8 22. Qa4 Rfd8 23. b5 a5 24. Qc2 Rbc8 25. Qe2 Rc7 26. Na4 Rdc8 27. Rc1 e4 28. Nd2 Rf8 29. g4 Re8 30. gxf5 Nxf5 31. Bxe4 Ne5 32. Qf1 Rf7 33. Qg2 Qh5 34. Bxf5 Rxf5 35. Bxd6 Ng6 36. Rxe8+ Kh7 37. Rce1 Nh4 38. Qg4 Qg6 39.
R1e6 Qf7 40. R6e7 Qf6 41. Be5 Qxe5 42. Rxe5 Rxe5 43. Rxe5 Bxe5 44. Qd7+ Kg6 45. Qxb7 1-0

[Event "Early-Titled-Tuesday-Blitz-May-28-2024"]
[Site "Chess.com"]
[Date "2024.05.28"]
[Round "11"]
[White "alreadybroken23"]
[Black "Dubs123"]
[Result "1-0"]
[WhiteElo "2602"]
[BlackElo "2459"]
[TimeControl "180+1"]
[EndTime "10:09:26 PDT"]
[Termination "alreadybroken23 won by checkmate"]

1. e4 c5 2. Nf3 d6 3. d4 cxd4 4. Nxd4 Nf6 5. Nc3 a6 6. Be3 e5 7. Nb3 Be7 8. h3 h5 9. f4 Nc6 10. Qd2 Be6 11. O-O-O Rc8 12. f5 Bd7 13. Bg5 b5 14.
Bxf6 gxf6 15. Kb1 Nb4 16. a3 Nc6 17. Nd5 Bf8 18. Be2 Bh6 19. Qe1 Bg7 20. g4 Ne7 21.
Qb4 Nxd5 22. Rxd5 Bc6 23. Rxd6 Qc7 24. Na5 Ba8 25. Ka2 Bf8 26. Bxb5+ axb5 27. Qxb5+ Ke7 28. Rhd1 Qxd6 29. Rxd6 Kxd6 30. Qa6+ Kc7 31. Qa7+ Kd8 32. Qxf7 Be7 33. c4 Bxe4 34. Qe6 hxg4 35. hxg4 Ke8 36. g5 Kd8 37. gxf6 Bc5 38. Qxe5 Bc6 39. Qxc5 Bd7 40. Nb7+ Ke8 41. Qe7# 1-0

[Event "Early-Titled-Tuesday-Blitz-May-28-2024"]
[Site "Chess.com"]
[Date "2024.05.28"]
[Round "11"]
[White "ljuks68"]
[Black "Kunalm64"]
[Result "0-1"]
[WhiteElo "2444"]
[BlackElo "2673"]
[TimeControl "180+1"]
[EndTime "10:09:30 PDT"]
[Termination "Kunalm64 won on time"]

1. e4 c6 2. d4 d5 3. e5 Bf5 4. Nd2 e6 5. Nb3 c5 6. dxc5 Bxc5 7. Nxc5 Qa5+ 8. c3 Qxc5 9. Nf3 Ne7 10. Be3 Qc7 11.
Nd4 a6 12. f4 Nbc6 13. Be2 O-O 14. O-O Be4 15. Bf3 Nxd4 16. Bxd4 Bxf3 17. Qxf3 Nf5 18.
Bf2 Rad8 19. a4 Qc4 20. a5 Rc8 21. g4 Ne7 22. f5 Nc6 23. Bg3 f6 24. exf6 Rxf6 25. Rad1 Rcf8 26. Qg2 exf5 27. g5 Rg6 28. h4 f4 29. Bf2 f3 30. Qg3 Rf4 31. Bd4 Rf8 32.
h5 Re6 33. Rxf3 Rxf3 34. Qxf3 Qe2 35. Qxe2 Rxe2 36. b4 Re4 37. Rd2 Nxd4 38. Rxd4 Re5 39. Rg4 Kf7 40. Kg2 g6 41. h6 Ke6 0-1

[Event "Early-Titled-Tuesday-Blitz-May-28-2024"]
[Site "Chess.com"]
[Date "2024.05.28"]
[Round "11"]
[White "DvaHrasta"]
[Black "Muracle"]
[Result "1-0"]
[WhiteElo "2470"]
[BlackElo "2569"]
[TimeControl "180+1"]
[EndTime "10:09:30 PDT"]
[Termination "DvaHrasta won by checkmate"]

1. c4 c6 2. e4 d5 3. exd5 cxd5 4. cxd5 Nf6 5. Qa4+ Nbd7 6. Bc4 g6 7. d3 Bg7 8.
Nc3 O-O 9. Nf3 a6 10. Qa3 b6 11.
O-O Bb7 12. Re1 Re8 13. Ng5 b5 14. Bb3 Nb6 15. d6 e6 16. Nge4 Nfd5 17. Qa5 Rc8 18.
Bg5 f6 19. Be3 Nxe3 20. Rxe3 f5 21. d7 Qxd7 22. Qxb6 fxe4 23. Nxe4 Bd4 24. Qa5 Qd8 25. Qxd8 Rcxd8 26. Re2 Bxe4 27. dxe4 Kg7 28. g3 e5 29. Rc1 Rc8 30. Rec2 Rxc2 31. Rxc2 Re7 32. Kg2 Rd7 33. Bd5 Kf6 34. b3 Rd6 35. f4 exf4 36. gxf4 Kg7 37.
Rc7+ Kf8 38. Rxh7 Bg7 39. Rh3 Rd7 40. Rg3 Rc7 41. Rxg6 Rc2+ 42. Kg3 Rxa2 43. Rc6 Rd2 44. Rc7 Bd4 45. h4 Rd1 46. h5 Rg1+ 47. Kf3 Rh1 48.
Kg4 Rg1+ 49. Kf5 Rh1 50. Bf7 Rh4 51. Bg6 Bg1 52. e5 Bh2 53. Rf7+ Kg8 54. Kg5 Rh3 55. h6 Rg3+ 56. Kf5 Rxb3 57. h7+ Kh8 58. Rf8+ Kg7 59. h8=Q# 1-0

[Event "Early-Titled-Tuesday-Blitz-May-28-2024"]
[Site "Chess.com"]
[Date "2024.05.28"]
[Round "11"]
[White "TomLiu777"]
[Black "RobertoJBM"]
[Result "0-1"]
[WhiteElo "2415"]
[BlackElo "2773"]
[TimeControl "180+1"]
[EndTime "10:09:31 PDT"]
[Termination "RobertoJBM won by resignation"]

1. d4 d5 2. c4 c6 3. cxd5 cxd5 4. Nc3 Nf6 5. Bf4 Qb6 6. e3 Qxb2 7. Rc1 Nc6 8. Bd3 a6 9. Nge2 e6 10. O-O Qb4 11. Na4 Nd7 12. Ng3 Be7 13. Nh5 O-O 14. Nxg7 Kxg7 15. Qh5 f5 16. Bh6+ Kg8 17. Qh3 Qxa4 18.
Be2 Rf6 19. Bg5 Rg6 20. Bxe7 Nxe7 21. Bh5 Rg7 22. Qh4 Qa5 23. Qf4 Nf6 24. Qd6 Nxh5 25. Rc7 Nc6 26. Rxg7+ Nxg7 27. h4 Qd8 28. Qg3 Bd7 29.
h5 Qf6 30. Rc1 Rc8 31. Qd6 Be8 32. h6 Qxh6 33. Rb1 b5 34. a4 b4 35. a5 Qf6 36. Rc1 Kf7 37. Qg3 h5 38. Qd6 Qe7 39.
Qg3 Nxd4 40. Rxc8 Ne2+ 41. Kh2 Nxg3 42. Kxg3 Qg5+ 0-1

[Event "Early-Titled-Tuesday-Blitz-May-28-2024"]
[Site "Chess.com"]
[Date "2024.05.28"]
[Round "11"]
[White "Actuary44"]
[Black "bazar-wokzal"]
[Result "0-1"]
[WhiteElo "2477"]
[BlackElo "2593"]
[TimeControl "180+1"]
[EndTime "10:09:31 PDT"]
[Termination "bazar-wokzal won by resignation"]

1. e4 Nc6 2. d4 d5 3. exd5 Qxd5 4.
Be3 Nf6 5. c3 Bg4 6. Qb3 O-O-O 7. Nd2 e5 8. dxe5 Nxe5 9. h3 Bh5 10. Qxd5 Nxd5 11. Bxa7 b6 12. Ba6+ Kd7 13. g4 Bg6 14.
Bb7 c6 15. Ngf3 Nd3+ 16. Kf1 Kc7 17. Ba6 Ra8 18. Nh4 Nc5 19. Nxg6 hxg6 20. Bxb6+ Kxb6 21. Bc4 Kc7 22. b4 Na4 23. Bxd5 cxd5 24. Kg2 Nxc3 25.
Rhc1 Bxb4 26. a3 Ba5 27. Nb3 d4 28. Nxd4 Rhc8 29. Nb5+ Kd7 30. Nxc3 Rxc3 31. Rxc3 Bxc3 32. Rd1+ Ke6 33. Rd3 Rxa3 34. Kf3 Bb4 35. Rxa3 Bxa3 36.
Ke4 g5 37. f4 gxf4 38. Kxf4 Bd6+ 39. Ke4 g5 40. Kf3 Ke5 41. h4 gxh4 42. g5 Kf5 43.
Kg2 Kxg5 44. Kh3 f5 45. Kg2 Kg4 46. Kh1 f4 47. Kg2 h3+ 48. Kh1 Kf3 49. Kh2 Ke2 50. Kxh3 f3 0-1

[Event "Early-Titled-Tuesday-Blitz-May-28-2024"]
[Site "Chess.com"]
[Date "2024.05.28"]
[Round "11"]
[White "Meri-Arabidze"]
[Black "Kirill_Klukin"]
[Result "0-1"]
[WhiteElo "2693"]
[BlackElo "2876"]
[TimeControl "180+1"]
[EndTime "10:09:32 PDT"]
[Termination "Kirill_Klukin won by resignation"]

1. Nf3 c5 2. c4 g6 3. Nc3 Bg7 4. e3 Nf6 5. d4 cxd4 6. exd4 d5 7.
c5 O-O 8. Bf4 Nc6 9. Bb5 Bg4 10.
Bxc6 bxc6 11. h3 Bxf3 12. Qxf3 Nd7 13. Be3 e5 14. dxe5 Nxe5 15. Qe2 Re8 16. O-O Nc4 17.
Rac1 Qa5 18. Nd1 Qxa2 19. Rc2 Rab8 20. Qd3 Rb3 21. Nc3 Qa5 22. Bd4 Bxd4 23. Qxd4 Qb4 24. Ra1 a5 25. Ra4 Qb8 26. Ra1 Rxb2 27. Rxb2 Qxb2 28.
Rb1 Qd2 29. Qxd2 Nxd2 30. Rb6 d4 31. Na4 Nc4 32. Rxc6 d3 33. Nc3 d2 34. Kh2 Re1 35. Rc8+ Kg7 36. Rd8 Rc1 37. c6 Rxc3 38. c7 Nb6 39.
Rxd2 Rxc7 40. Rd6 Nc4 41. Ra6 Rc5 42. Ra7 Nb2 43. h4 h5 44. g3 a4 45. Kg2 Rc3 46. f3 a3 47. g4 Nd3 48. g5 Nb4 49. Kg3 a2 50. Kf4 Rc1 0-1

[Event "Early-Titled-Tuesday-Blitz-May-28-2024"]
[Site "Chess.com"]
[Date "2024.05.28"]
[Round "11"]
[White "Quattroporte300"]
[Black "SoCalJuniorChess"]
[Result "1-0"]
[WhiteElo "2401"]
[BlackElo "2240"]
[TimeControl "180+1"]
[EndTime "10:09:32 PDT"]
[Termination "Quattroporte300 won by resignation"]

1. e4 d5 2. exd5 Qxd5 3. Nf3 Bg4 4.
Be2 c6 5. O-O e6 6. d4 Nf6 7. c4 Qd7 8. Ne5 Bxe2 9. Nxd7 Bxd1 10.
Nxf6+ gxf6 11. Rxd1 Bd6 12. Nc3 Nd7 13. Ne4 Bc7 14.
Bh6 Rg8 15. Kf1 O-O-O 16. g3 Rg6 17. Be3 h5 18. h4 Nb6 19. b3 e5 20. Nc5 exd4 21.
Rxd4 f5 22. Rad1 Rgd6 23. Ke2 Rxd4 24. Rxd4 Nd7 25. Nxd7 Rxd7 26. Kf3 Rxd4 27. Bxd4 b6 28. Be3 Be5 29. Bf4 Bd4 30. Bd6 b5 31. cxb5 cxb5 32.
Kf4 Bxf2 33. Kxf5 Kd7 34. Bb8 Be3 35. Bf4 Bxf4 36. gxf4 a5 37. Kg5 Ke6 38. Kxh5 Kf5 39.
Kh6 Kxf4 40. Kg7 f5 41. h5 Kg5 42. h6 f4 43. h7 f3 44. h8=Q f2 45. Qh1 Kf4 46.
Qf1 Ke3 47. Qxb5 Kd2 48. Qxa5+ Kc2 49. Qf5+ 1-0